 Dungeon Crawl Stone Soup version 0.28.0-49-g6dfe1f597d (webtiles) character file.

Game seed: 16730483217023961286

322 Zeld the Skirmisher (level 6, 0/52 HPs)
             Began as a Palentonga Fighter on May 19, 2022.
             Slain by an orc
             ... wielding a +0 flail
              (3 damage)
             ... on level 4 of the Dungeon.
             The game lasted 00:03:32 (3669 turns).

Zeld the Skirmisher (Palentonga Fighter)            Turns: 3669, Time: 00:03:32

Health: 0/52       AC:  7    Str: 18    XL:     6   Next: 22%
Magic:  6/6        EV: 11    Int:  9    God:
Gold:   110        SH:  4    Dex:  9    Spells: 5/5 levels left

rFire   + + +      SeeInvis +   a - +0 war axe
rCold   . . .      Faith    .   q - +0 buckler
rNeg    . . .      Spirit   .   b - +0 scale mail
rPois   .          Reflect  .   (no helmet)
rElec   .          Harm     .   j - +0 cloak
rCorr   .          Rampage  .   (no gloves)
Will    +++..                   (no barding)
Stlth   ..........              (no amulet)
HPRegen 0.17/turn               g - ring "Utes" {Drain rF+++ Will+++ EV+4 Str-3}
MPRegen 0.10/turn               (no ring)

@: no status effects
A: large, rugged brown scales 3, see invisible, deformed body, roll 1, armoured
tail
a: Rolling Charge


You were on level 4 of the Dungeon.
You visited 1 branch of the dungeon, and saw 4 of its levels.

You collected 110 gold pieces.

Inventory:

Hand Weapons
 a - a +0 war axe (weapon)
Armour
 b - a +0 scale mail (worn)
 j - a +0 cloak (worn)
 q - a +0 buckler (worn)
Jewellery
 g - the ring "Utes" (left hand) {Drain rF+++ Will+++ EV+4 Str-3}
   (You found it on level 2 of the Dungeon)

   [ring of evasion]

   EV:        It affects your evasion (+4).
   Str:       It affects your strength (-3).
   rF:        It renders you almost immune to fire.
   Drain:     It drains your maximum health when unequipped.
   Will:      It greatly increases your willpower.
Scrolls
 h - a scroll of identify {unknown}
 i - a scroll of fog {unknown}
Potions
 e - a potion of curing {unknown}
 f - a potion of cancellation {unknown}


   Skills:
 * Level 4.7 Fighting
 * Level 4.1 Axes
 - Level 2.4 Armour
 + Level 1.7 Dodging
 + Level 3.2 Shields


You had 5 spell levels left.
You didn't know any spells.
Your spell library was empty.

Dungeon Overview and Level Annotations

Branches:
Dungeon (4/15)
 Temple: D:4-7

Altars:
Dithmenos

Annotations:
D:3 3 runed translucent doors, Kazon's ghost, weakling DgFi; Zeld's ghost, amateur KoAM


Innate Abilities, Weirdness & Mutations

You are completely covered in rugged brown scales. (AC +3, +7% HP)
You have supernaturally acute eyesight. (SInv)
Armour fits poorly on your strangely shaped body.
You can roll at nearby foes to attack.
You have a long armoured tail.


Message History

The orc warrior is heavily wounded.
You hit the orc but do no damage. The orc hits you but does no damage.
The orc warrior hits you with a +0 mace.
The orc closely misses you.
Unknown command.
You completely miss the orc warrior. You tail-slap the orc warrior.
The orc warrior is severely wounded.
You hit the orc. The orc warrior closely misses you.
Unknown command.
You hit the orc warrior but do no damage.
Your tail-slap misses the orc warrior.
The orc warrior is severely wounded.
You barely miss the orc wizard.
The orc warrior hits you with a +0 mace!
* * * LOW HITPOINT WARNING * * *
The orc warrior hits you with a +0 mace.
* * * LOW HITPOINT WARNING * * *
You hit the orc warrior but do no damage.
The orc warrior is heavily wounded.
You hit the orc wizard.
You kill the orc wizard!
The orc warrior hits you with a +0 mace.
* * * LOW HITPOINT WARNING * * *
The orc hits you with a +0 club.
* * * LOW HITPOINT WARNING * * *
Your life force feels restored.
Unknown command.
You barely miss the orc warrior. You tail-slap the orc warrior.
The orc warrior is severely wounded.
You barely miss the orc. x2; The orc misses you.
The orc warrior barely misses you. The orc hits you but does no damage.
You block the orc's attack.
Unknown command.
Unknown command.
You hit the orc but do no damage.
The orc is heavily wounded.
You barely miss the orc. You hit the orc warrior.
You block the orc warrior's attack. The orc hits you but does no damage.
The orc hits you with a +0 flail.
You die...

###### #....#
#@o..# # #oo..#
##.##....#
#...†....+
#...##...)#######
#.. +...........
.....##......>.###
... ........###.#
#.
...#.......#.####


You could see an orc warrior and 2 orcs.

Vanquished Creatures
  An ogre (D:3)
  2 iguanas (D:4)
  2 orc wizards
  2 adders
  4 gnolls
  A worm (D:2)
  3 dart slugs
  8 orcs (D:3)
  7 bats
  3 endoplasms
  A giant cockroach (D:1)
  2 goblins
  7 hobgoblins
  8 jackals (D:1)
  7 ball pythons
  3 frilled lizards
  8 kobolds
  2 rats
71 creatures vanquished.

Vanquished Creatures (others)
  A plant (D:3)
  5 withered plants (D:3)
6 creatures vanquished.

Grand Total: 77 creatures vanquished

Notes
Turn   | Place    | Note
-------+----------+-------------------------------------------
     0 | D:1      | Zeld the Palentonga Fighter began the quest for the Orb.
     0 | D:1      | Reached XP level 1. HP: 19/19 MP: 1/1
   228 | D:1      | Reached XP level 2. HP: 25/25 MP: 2/2
   525 | D:1      | Reached XP level 3. HP: 31/31 MP: 3/3
   616 | D:1      | Found a faded altar of an unknown god.
  1362 | D:2      | Identified the ring "Utes" {Drain rF+++ Will+++ EV+4 Str-3}
  1427 | D:1      | Reached skill level 1 in Dodging
  1732 | D:2      | Reached XP level 4. HP: 39/39 MP: 4/4
  2520 | D:3      | Reached XP level 5. HP: 36/44 MP: 5/5
  2637 | D:3      | Found a shadowy altar of Dithmenos.
  2982 | D:3      | Found a runed translucent gate.
  2982 | D:3      | Found a runed translucent gate.
  2982 | D:3      | Found a runed translucent gate.
  2988 | D:3      | Noticed Kazon's ghost (weakling DgFi)
  2988 | D:3      | Noticed Zeld's ghost (amateur KoAM)
  3406 | D:4      | Noticed an ogre
  3450 | D:3      | Killed an ogre
  3451 | D:3      | Reached XP level 6. HP: 42/52 MP: 6/6
  3645 | D:4      | Noticed an orc warrior
  3667 | D:4      | HP: 2/51 [orc/+0 club (1)]
  3669 | D:4      | Slain by an orc

Illustrated notes

Levels and vault maps discovered:
D:1:      dpeg_arrival_another_circle, layout_basic,
          ebering_ecumenical_altar_abandoned, chequers_decorated_corner,
          grunt_decor_mini_mirrors, minmay_misc_feat_roman
D:2:      layout_loops_ring
D:3:      cheibrodos_old_hovel, layout_loops_ring,
          nicolae_dithmenos_the_darkroom, gammafunk_ghost_cemetery,
          minmay_misc_feat_chi, item_on_display_a
D:4:      layout_basic, kennysheep_diamond, hangedman_decor_peaks_small

Skill      XL: |  1  2  3  4  5 |
---------------+----------------+-----
Dodging        | 1 |  1.7
Axes           | 3 4 |  4.1
Fighting       | 4 |  4.7
Shields        | 3 |  3.2
Armour         | |  2.4

Action                   |  1- 3 |  4- 6 || total
-------------------------+-------+-------++-------
Melee: War axe           |   107 |   112 ||   219
       Tailslap          |     7 |    17 ||    24
 Abil: Rolling Charge    |     3 |     1 ||     4
  Use: Potion            |       |     1 ||     1
Armor: Scale mail        |    74 |    32 ||   106
Dodge: Dodged            |    59 |    59 ||   118
Block: Buckler           |    19 |    23 ||    42
